 Dungeon Crawl Stone Soup version 0.21-a0-349-g0c35859 (webtiles) character file.

233 Leas the Vexing (level 5, -6/26 HPs)
             Began as a Spriggan Enchanter on Oct 8, 2017.
             Was a Follower of Dithmenos.
             Killed by divine providence
             ... invoked by an orc priest
              (11 damage)
             ... on level 4 of the Dungeon.
             The game lasted 00:08:59 (5483 turns).

Leas the Vexing (Spriggan Enchanter)                Turns: 5483, Time: 00:09:00

Health: -6/26      AC:  4    Str:  4    XL:     5   Next: 75%
Magic:  8/14       EV: 18    Int: 18    God:    Dithmenos [*.....]
Gold:   157        SH:  0    Dex: 16    Spells: 3/15 levels left

rFire    . . .     SeeInvis +   a - +2 dagger
rCold    + . .     Gourm    .   (shield restricted)
rNeg     . . .     Faith    .   b - +2 robe
rPois    +         Spirit   .   (helmet restricted)
rElec    .         Reflect  .   (no cloak)
rCorr    +         Harm     .   (gloves unavailable)
MR       .....                  (boots unavailable)
Stlth    +++.......             (no amulet)
HPRegen  0.08/turn              j - ring of resist corrosion
MPRegen  0.14/turn              m - ring of wizardry

@: wreathed by umbra, very quick
A: unfitting armour, see invisible, cold resistance 1, herbivore 3, speed 3,
poison resistance, robust 1, slow metabolism 2, MP-powered wands
a: Renounce Religion


You were on level 4 of the Dungeon.
You worshipped Dithmenos.
Dithmenos was aware of your devotion.
You were not hungry.

You visited 1 branch of the dungeon, and saw 4 of its levels.

You collected 157 gold pieces.

Inventory:

Hand Weapons
 a - a +2 dagger (weapon)
Armour
 b - a +2 robe (worn)
Jewellery
 j - a ring of resist corrosion (left hand)
 m - a ring of wizardry (right hand)
Scrolls
 h - 2 scrolls of remove curse
 l - a scroll of magic mapping
Potions
 c - a potion of lignification {unknown}
 e - a potion of flight
 f - a potion of curing {unknown}
 g - a potion of agility {unknown}
 i - 2 potions of brilliance
 n - a potion of might {unknown}
Comestibles
 d - 3 bread rations


   Skills:
 - Level 1.1 Short Blades
 - Level 3.0 Dodging
 + Level 4.4 Stealth
 - Level 5.5 Spellcasting
 - Level 6.1 Hexes


You had 3 spell levels left.
You knew the following spells:

 Your Spells              Type           Power        Failure   Level  Hunger
a - Ensorcelled Hibernat  Hex/Ice        ###...       2%          2    None
b - Corona                Hex            ####...      1%          1    None
c - Confuse               Hex            ####....     1%          3    ##.....
d - Tukima's Dance        Hex            ####....     1%          3    ##.....
e - Dazzling Spray        Conj/Hex       ###...       4%          3    ##.....


Dungeon Overview and Level Annotations

Branches:
Dungeon (4/15)
 Temple: D:4-7

Altars:
Ashenzari
Cheibriados
Dithmenos
Vehumet
The Shining One


Innate Abilities, Weirdness & Mutations

You are very small and have problems with some larger weapons.
You are too small for most types of armour.
You have supernaturally acute eyesight. (SInv)
You are a herbivore.
You cover ground extremely quickly.
You need consume almost no food.
Your flesh is cold resistant. (rC+)
Your system is resistant to poisons. (rPois)
You are robust. (+10% HP)
You expend magic power (3 MP) to strengthen your wands.


Message History

Beogh smites you!
* * * LOW HITPOINT WARNING * * *
The orc priest closely misses you.
It was a potion of mutation.
You feel extremely strange.
You feel your magical essence link to your wands.
You feel resistant to cold.
You feel robust.
You feel resistant to poisons. The orc priest misses you.
Casting: Dazzling Spray
Confirm with . or Enter, or press ? or * to list all spells.
Aiming: Dazzling Spray
Press: ? - help, Shift-Dir - straight line, f/p - orc priest
Aim: an orc priest (heavily wounded, blind, umbra)
The spray of energy hits the orc priest.
The orc priest is almost dead.
The orc priest is dazzled.
The spray of energy misses the orc priest.
The orc priest misses you.
The orc priest calls down the wrath of Beogh upon you.
Beogh smites you!
You die...

. # ## #.# ..### # .#
#.# #...# .### .# #.#
#.#.# #... .# #.# #.#.#
#... .# #.# #.#.# o.# .#
#.# #.#.##o# ####.#####
#....@o##
)........####.#.....#
####..##................
##.######...#####....
#####.###.....### ...
...............[.. ...##
.......######.#### #...#
# ####.....####.# #...#.
##..#>..##.#######.... .


You could see 2 orc priests and an orc.

Vanquished Creatures
  An ogre (D:4)
  A jelly (D:3)
  Robin (D:3)
  4 adders
  An ooze (D:1)
  2 dart slugs (D:1)
  A leopard gecko (D:2)
  4 orcs (D:3)
  6 bats
  3 giant cockroaches (D:2)
  11 goblins
  8 hobgoblins
  3 jackals (D:2)
  A kobold (D:3)
  2 frilled lizards (D:1)
  7 rats
56 creatures vanquished.

Notes
Turn   | Place    | Note
-------+----------+-------------------------------------------
     0 | D:1      | Leas the Spriggan Enchanter began the quest for the Orb.
     0 | D:1      | Reached XP level 1. HP: 9/9 MP: 5/5
   467 | D:1      | Reached skill level 4 in Hexes
   467 | D:1      | Reached XP level 2. HP: 6/13 MP: 4/7
   471 | D:1      | Learned a level 2 spell: Ensorcelled Hibernation
  1117 | D:1      | Found a glowing golden altar of the Shining One.
  1740 | D:2      | Reached XP level 3. HP: 16/16 MP: 6/9
  1745 | D:2      | Learned a level 3 spell: Confuse
  1749 | D:2      | Learned a level 3 spell: Tukima's Dance
  1797 | D:2      | Found a shadowy altar of Dithmenos.
  1804 | D:2      | Became a worshipper of Dithmenos the Shadowed
  2679 | D:2      | Reached skill level 5 in Hexes
  2679 | D:2      | Reached XP level 4. HP: 21/21 MP: 11/11
  3116 | D:3      | Reached * piety under Dithmenos
  3406 | D:3      | Noticed Robin
  3409 | D:3      | Found a radiant altar of Vehumet.
  3762 | D:3      | Killed Robin
  4026 | D:3      | Learned a level 3 spell: Dazzling Spray
  4288 | D:3      | Found a shattered altar of Ashenzari.
  4357 | D:3      | Reached XP level 5. HP: 24/24 MP: 8/13
  4570 | D:3      | Reached skill level 5 in Spellcasting
  4571 | D:3      | Found a snail-covered altar of Cheibriados.
  5128 | D:4      | Noticed an ogre
  5138 | D:4      | Killed an ogre
  5138 | D:4      | Reached skill level 6 in Hexes
  5482 | D:4      | Gained mutation: You expend magic power (3 MP) to strengthen your wands. [potion of mutation]
  5482 | D:4      | Gained mutation: Your flesh is cold resistant. (rC+) [potion of mutation]
  5482 | D:4      | Gained mutation: You are robust. (+10% HP) [potion of mutation]
  5482 | D:4      | Gained mutation: Your system is resistant to poisons. (rPois) [potion of mutation]
  5483 | D:4      | Killed from afar by an orc priest

Vault maps used:
D:1:      dpeg_arrival_court, serial_glass, glass_columns_a, glass_columns_a,
          glass_columns_b, glass_columns_c, glass_columns_b, glass_columns_c,
          tso_altar
D:2:      lemuel_round_altar
D:3:      vehumet_crystals, old_standard_altar, lemuel_coloured_pillars_altar,
          uniq_robin
D:4:      fedhas_altar_4, trog_three_pillars_becter

Skill      XL: |  1  2  3  4  5 |
---------------+----------------+-----
Spellcasting   | 3 4 5 |  5.5
Hexes          | 4 5 6 |  6.1
Short Blades   | |  1.1
Dodging        | |  3.0
Stealth        | |  4.4

Action                   |  1- 3 |  4- 6 || total
-------------------------+-------+-------++-------
Melee: Dagger            |   110 |   117 ||   227
 Cast: Corona            |     2 |       ||     2
       Ensorcelled Hiber |    20 |    14 ||    34
       Confuse           |       |     1 ||     1
       Dazzling Spray    |       |     3 ||     3
  Use: Scroll            |     9 |     4 ||    13
       Potion            |       |     1 ||     1
 Stab: Sleeping          |    20 |    11 ||    31
       Confused          |       |     1 ||     1
  Eat: Fruit             |       |     4 ||     4
       Royal jelly       |       |     1 ||     1
Armor: Robe              |    12 |    11 ||    23
Dodge: Dodged            |    90 |   111 ||   201

Table legend:
 A = Spawn XP
 B = Non-spawn XP
 C = Spawn XP percentage of total XP
 D = Spawn monster count
 E = Non-spawn monster count
 F = Spawn count percentage of total count
 G = Total turns spent on level
                    A         B        C        D         E        F      G
               +---------+---------+-------+---------+---------+-------+---------
         Total |       0 |     334 |   0.0 |       0 |      56 |   0.0 |  5483
               +---------+---------+-------+---------+---------+-------+---------
           D:1 |       0 |      32 |   0.0 |       0 |      13 |   0.0 |  1691
           D:2 |       0 |      67 |   0.0 |       0 |      25 |   0.0 |  1192
           D:3 |       0 |     114 |   0.0 |       0 |      17 |   0.0 |  2195
           D:4 |       0 |     121 |   0.0 |       0 |       1 |   0.0 |   405
               +---------+---------+-------+---------+---------+-------+---------
